 Dungeon Crawl Stone Soup version 0.22.0-21-g8bd1b0a (webtiles) character file.

571 Lew the Shield-Bearer (level 7, -1/44 HPs)
             Began as a Gargoyle Fighter on Aug 19, 2018.
             Slain by an ogre
             ... wielding a cursed -1 giant club
              (19 damage)
             ... on level 4 of the Dungeon.
             The game lasted 00:08:20 (2975 turns).

Lew the Shield-Bearer (Gargoyle Fighter)            Turns: 2975, Time: 00:08:21

Health: -1/44      AC: 19    Str: 20    XL:     7   Next: 34%
Magic:  7/7        EV:  7    Int: 11    God:
Gold:   250        SH:  9    Dex: 10    Spells: 6/6 levels left

rFire    . . .     SeeInvis .   a - +0 war axe
rCold    . . .     Gourm    .   c - +0 shield
rNeg     + . .     Faith    .   b - +0 scale mail
rPois    ∞         Spirit   .   (no helmet)
rElec    +         Reflect  .   (no cloak)
rCorr    .         Harm     .   (no gloves)
MR       .....                  o - +0 pair of boots
Stlth    ..........             u - amulet of rage
HPRegen  0.14/turn              q - ring of flight
MPRegen  0.10/turn              (no ring)

@: no status effects
A: icy blue scales 1, molten scales 1, thin metallic scales 1, clever 1,
negative energy resistance 1, electricity resistance, unbreathing, petrification
resistance, rot immunity, AC +4
a: Evoke Berserk Rage, Evoke Flight


You were on level 4 of the Dungeon.
You were not hungry.

You visited 1 branch of the dungeon, and saw 4 of its levels.

You collected 250 gold pieces.

Inventory:

Hand Weapons
 a - a +0 war axe (weapon)
Armour
 b - a +0 scale mail (worn)
 c - a +0 shield (worn)
 o - a +0 pair of boots (worn)
Jewellery
 q - a ring of flight (left hand)
 u - an amulet of rage (around neck)
Wands
 g - a wand of disintegration (9)
 l - a wand of acid (7)
Scrolls
 h - a scroll of amnesia
 j - a scroll of fear
Potions
 d - a potion of might
 e - a potion of curing
 k - a potion of berserk rage
 n - a potion of brilliance {unknown}
Comestibles
 i - 3 rations
 m - 4 chunks of flesh


   Skills:
 + Level 4.9 Fighting
 * Level 4.6 Axes
 + Level 5.0 Armour
 + Level 5.0 Shields


You had 6 spell levels left.
You didn't know any spells.
Your spell library was empty.

Dungeon Overview and Level Annotations

Branches:
Dungeon (4/15)
 Temple: D:4-7

Altars:


Innate Abilities, Weirdness & Mutations

You are resistant to torment.
Your stone body is resilient. (AC +4)
You are immune to poison.
You resist negative energy. (rN+)
You are resistant to electric shocks. (rElec)
You can survive without breathing.
You are immune to petrification.
You are immune to rotting.
You are partially covered in icy blue scales. (AC +2)
You are partially covered in molten scales. (AC +2)
You are partially covered in thin metallic scales. (AC +2)
Your mind is acute. (Int +2)


Message History

p - a club
Okay, then.
Drop what? 18/52 slots (_ for help) (? for menu, Esc to quit)
You drop a club.
As you read the scroll labeled RINOLAITSOREE, it crumbles to dust.
You feel aware of your surroundings.
It was a scroll of magic mapping.
You start resting.
An ogre comes into view. It is wielding a giant club.
The ogre shouts!
The ogre barely misses you.
You hit the ogre.
The ogre is lightly wounded.
The ogre barely misses you.
You hit the ogre.
The ogre is lightly wounded.
The ogre hits you with a giant club!
You hit the ogre.
The ogre is moderately wounded.
The ogre hits you with a giant club!!
You die...

*********,*,,,,,,#..,,*,*,****,*,
*,*,,*,**#.##,*,,,,,,,,*, ****
#.####,* #..#,*,*,***,,*,
,,,****##.....,* #..#,*<,,,**,,*,
**+**,,..#....####).#,***,,**,,,,
,,,,*,,.......+...÷.#.#..,,,,*,**
,,,,*,,.......##..........,*,*,*
,,,,*,,.......##.###..#.#.,*,*,*
,,,,*,,....)...)@..#..#,,,,,,*,*
,,,,*,.,.##...).O#.$..#,*,,***,*
,,,,*,..,*#......####.#,,,,,,,,*
,,,,*,...##.............,,,*****
**,**,........########.#*,**
*,,+,........'.......,,,,,*
*****,........########,,*,,*
*,,,,,.........).....#*,*,,******
*,***,#+############.#*,*,,,,,,,,


You could see an ogre.

Vanquished Creatures
  An ogre (D:4)
  A vampire bat (D:3)
  A hound (D:4)
  An orc priest (D:4)
  2 centaur skeletons (D:4)
  2 orc wizards (D:3)
  A worker ant (D:4)
  8 adders
  An ooze (D:3)
  2 worms (D:2)
  A dart slug (D:2)
  3 fire bats (D:3)
  5 leopard geckos
  17 orcs
  2 spectral bats (D:3)
  13 bats
  3 bat skeletons (D:3)
  A bat zombie (D:3)
  3 giant cockroaches
  5 goblins
  4 hobgoblins
  9 jackals
  A bat simulacrum (D:3)
  A frilled lizard (D:2)
  5 kobolds
  4 rats
97 creatures vanquished.

Notes
Turn   | Place    | Note
-------+----------+-------------------------------------------
     0 | D:1      | Lew the Gargoyle Fighter began the quest for the Orb.
     0 | D:1      | Reached XP level 1. HP: 14/14 MP: 1/1
    66 | D:1      | Reached XP level 2. HP: 19/19 MP: 2/2
   617 | D:2      | Reached XP level 3. HP: 20/23 MP: 3/3
   901 | D:2      | Reached XP level 4. HP: 22/29 MP: 4/4
  1391 | D:3      | Gained mutation: You are partially covered in molten scales. (AC +2) [potion of mutation]
  1391 | D:3      | Gained mutation: You are partially covered in thin metallic scales. (AC +2) [potion of mutation]
  1391 | D:3      | Gained mutation: Your mind is acute. (Int +2) [potion of mutation]
  1391 | D:3      | Gained mutation: You are partially covered in icy blue scales. (AC +2) [potion of mutation]
  1612 | D:3      | Reached XP level 5. HP: 26/33 MP: 5/5
  1967 | D:3      | Found a faded altar of an unknown god.
  2456 | D:3      | Reached XP level 6. HP: 38/38 MP: 6/6
  2843 | D:4      | Reached XP level 7. HP: 41/44 MP: 7/7
  2945 | D:4      | Reached skill level 5 in Armour
  2945 | D:4      | Reached skill level 5 in Shields
  2975 | D:4      | Slain by an ogre

Skill      XL: |  1  2  3  4  5  6  7 |
---------------+----------------------+-----
Axes           | 2 3 4 |  4.6
Fighting       | 4 |  4.9
Armour         | 4 5 |  5.0
Shields        | 4 5 |  5.0

Action                   |  1- 3 |  4- 6 |  7- 9 || total
-------------------------+-------+-------+-------++-------
Melee: War axe           |    97 |   285 |    38 ||   420
  Use: Potion            |       |    12 |       ||    12
       Scroll            |       |     8 |     1 ||     9
  Eat: Chunk             |       |     3 |     1 ||     4
       Ration            |       |     1 |       ||     1
Armor: Scale mail        |    67 |   251 |    23 ||   341
Dodge: Dodged            |    48 |   155 |    14 ||   217
Block: Shield            |    56 |   219 |    21 ||   296
